 Dungeon Crawl Stone Soup version 0.28-a0-297-g99b01970c5 (webtiles) character file.

Game seed: 13380352063949639497

0 Gargoyl the Skirmisher (level 1, -1/23 HPs)
             Began as a Gnoll Abyssal Knight on Aug 29, 2021.
             Was a Follower of Lugonu.
             Slain by a vampire (4 damage)
             ... on level 1 of the Abyss.
             The game lasted 00:00:20 (140 turns).

Gargoyl the Skirmisher (Gnoll Abyssal Knight)        Turns: 140, Time: 00:00:20

Health: -1/23      AC:  3    Str: 11    XL:     1   Next: 0%
Magic:  3/3        EV: 11    Int: 11    God:    Lugonu [*.....]
Gold:   0          SH:  0    Dex: 11    Spells: 0/0 levels left

rFire   . . .      SeeInvis .   a - +1 hand axe
rCold   . . .      Faith    .   c - +0 buckler
rNeg    . . .      Spirit   .   b - +0 leather armour
rPois   .          Reflect  .   (no helmet)
rElec   .          Harm     .   (no cloak)
rCorr   .          Rampage  .   (no gloves)
Will    .....                   (no boots)
Stlth   +.........              (no amulet)
HPRegen 0.07/turn               (no ring)
MPRegen 0.08/turn               (no ring)

@: confused
A: fangs 1, strong nose, distributed training
a: Renounce Religion, Depart the Abyss


You were on level 1 of the Abyss.
You worshipped Lugonu.
Lugonu was aware of your devotion.
You visited 0 branches of the dungeon, and saw 0 of its levels.
You visited the Abyss 1 time.

Inventory:

Hand Weapons
 a - a +1 hand axe (weapon)
Armour
 b - a +0 leather armour (worn)
 c - a +0 buckler (worn)


   Skills:
 + Level 6.4 Fighting
 + Level 0.0 Short Blades
 + Level 0.0 Long Blades
 + Level 4.4 Axes
 + Level 0.0 Maces & Flails
 + Level 0.0 Polearms
 + Level 0.0 Staves
 + Level 0.0 Slings
 + Level 0.0 Bows
 + Level 0.0 Crossbows
 + Level 0.0 Throwing
 + Level 4.4 Armour
 + Level 2.3 Dodging
 + Level 0.0 Stealth
 + Level 0.0 Shields
 + Level 0.0 Unarmed Combat
 + Level 0.0 Spellcasting
 + Level 0.0 Conjurations
 + Level 0.0 Hexes
 + Level 0.0 Summonings
 + Level 0.0 Necromancy
 + Level 0.0 Translocations
 + Level 0.0 Transmutations
 + Level 0.0 Fire Magic
 + Level 0.0 Ice Magic
 + Level 0.0 Air Magic
 + Level 0.0 Earth Magic
 + Level 0.0 Poison Magic
 + Level 4.4 Invocations
 + Level 0.0 Evocations


You couldn't memorise any spells.
You didn't know any spells.
Your spell library was empty.

Dungeon Overview and Level Annotations

Branches:
Dungeon (0/15)

Altars:


Innate Abilities, Weirdness & Mutations

You have very sharp teeth.
Your uncanny sense of smell can sniff out nearby items.
Your experience applies equally to all skills.


Message History

Found an iron altar of Okawaru.
There is an iron altar of Okawaru here.
A large abomination comes into view.
A daeva comes into view.
It is wielding a +4 eudemon blade of holy wrath.
A vampire comes into view.
The vampire hits you. The vampire bites you.
The vampire draws strength from your injuries!
A tentacled starspawn comes into view.
Tentacles burst from the starspawn's body! 2 starspawn tentacles come into view.
The vampire points at you and mumbles some strange words.
You are confused.
The starspawn tentacle grabs you. The starspawn tentacle constricts you.
Unknown command.
You bump into the stone wall.
The starspawn tentacle loses its grip on you.
The tentacle pulls you backwards!
The vampire gestures wildly while chanting.
The vampire flickers and vanishes!
Deactivating autopickup; reactivate with Ctrl-A.
A white imp comes into view.
The white imp shouts, "Turn tail, thou fulsome flap-mouthed codpiece!"
You bump into the rock wall.
You hear some strange, mumbled words.
Something tries to affect you, but you resist.
You bump into the rock wall.
You hear some strange, mumbled words.
You are more confused.
You hit something but do no damage.
Tentacles burst from the starspawn's body!
You hear some strange, mumbled words.
You are more confused. 2 starspawn tentacles come into view.
You hit something. Something hits you!
* * * LOW HITPOINT WARNING * * *
Something bites you.
* * * LOW HITPOINT WARNING * * *
Something draws strength from your injuries!
You slash something! You bite something. Something hits you.
You die...

# ##. #.# #. ...
# # # #...##.#
... #...#..#....
#... #.##.#.##.##
#...##.#.##.. .
.# ∆ #..#... .#
##.. . ##..
.##....#.# ...
###.##..#..#. ##
.#.
##.#.@......#.#.#
# # #.##....#.. #
#.#.
#.X.#│..#..#...
#....w#.5#
.........
#....#.......
#.§...#..
.#.....###...#..#
.. ..# .....#
##....#...##
#..#. #..#....
#.... .#.....#..


You could see a tentacled starspawn and a starspawn tentacle.

Vanquished Creatures (others)
  3 starspawn tentacles (Abyss:1)
3 creatures vanquished.

Notes
Turn   | Place    | Note
-------+----------+-------------------------------------------
     0 | Abyss:1  | Gargoyl the Gnoll Abyssal Knight began the quest for the
                  | Orb.
     0 | Abyss:1  | Reached XP level 1. HP: 23/23 MP: 3/3
    82 | Abyss:1  | Found a corrupted altar of Lugonu.
    94 | Abyss:1  | Found an iron altar of Okawaru.
   108 | Abyss:1  | Noticed a large abomination
   119 | Abyss:1  | Noticed a daeva
   124 | Abyss:1  | Noticed a vampire
   129 | Abyss:1  | Noticed a tentacled starspawn
   140 | Abyss:1  | Slain by a vampire

Illustrated notes

Levels and vault maps discovered:
Abyss:1:  base: Temple, base: Temple, evilmike_abyss_exit_17,
          evilmike_abyss_exit_kraken, hangedman_decor_peaks_small

Action                   || total
-------------------------++-------
Melee: Hand axe          ||     3
       Bite              ||     1

Table legend: (Time is in decaauts)
 A = Elapsed time spent in this place.
 B = Non-inter-level travel time spent in this place.
 C = Inter-level travel time spent in this place.
 D = Time resting spent in this place.
 E = Time spent auto-exploring this place.
 F = Levels seen in this place.
 G = Mean time per level.
                   A        B        C        D        E       F      G
               +--------+--------+--------+--------+--------+-----+--------+
         Total |    140 |    140 |      0 |      0 |     83 |   1 |  140.0 |
         Abyss |    140 |    140 |      0 |      0 |     83 |   1 |  140.0 |
               +--------+--------+--------+--------+--------+-----+--------+

Top non-repeatable levels by time:
 Abyss:1: 140 daAuts
